 Dungeon Crawl Stone Soup version 0.27-a0-1191-g601b473118 (webtiles) character file.

Game seed: 2433870947859125143

61 freelancePsychic the Vandal (level 3, -6/29 HPs)
             Began as a Mummy Hunter on May 24, 2021.
             Killed from afar by an orc wizard (15 damage)
             ... with a puff of flame
             ... on level 3 of the Dungeon.
             The game lasted 00:03:48 (2181 turns).

freelancePsychic the Vandal (Mummy Hunter)          Turns: 2181, Time: 00:03:49

Health: -6/29      AC:  5    Str: 16    XL:     3   Next: 83%
Magic:  3/3        EV: 15    Int: 10    God:
Gold:   109        SH:  0    Dex: 12    Spells: 2/2 levels left

rFire    x . .     SeeInvis .   a - +1 hunting sling
rCold    + . .     Faith    .   (no shield)
rNeg     + + +     Spirit   .   c - +0 leather armour
rPois    ∞         Reflect  .   j - +0 helmet
rElec    .         Harm     .   h - +0 cloak
rCorr    .         Rampage  .   (no gloves)
Will     .....                  (no boots)
Stlth    +.........             (no amulet)
HPRegen  0.09/turn              g - +4 ring of evasion
MPRegen  0.08/turn              (no ring)

@: confused
A: cold resistance 1, negative energy resistance 3, torment resistance 2, heat
vulnerability 1, no potions
a: no special abilities


You were on level 3 of the Dungeon.
You visited 1 branch of the dungeon, and saw 3 of its levels.

You collected 109 gold pieces.

Inventory:

Hand Weapons
 a - a +1 hunting sling (weapon)
 b - a +0 short sword
Missiles
 d - 8 sling bullets (quivered ammo)
 e - 125 stones
Armour
 c - a +0 leather armour (worn)
 h - a +0 cloak (worn)
 j - a +0 helmet (worn)
Jewellery
 g - a +4 ring of evasion (left hand)
Scrolls
 f - a scroll of identify {unknown}
 i - a scroll of teleportation {unknown}


   Skills:
 + Level 3.2 Fighting
 + Level 4.0 Slings
 - Level 1.5 Dodging
 - Level 0.7 Stealth


You had 2 spell levels left.
You didn't know any spells.
Your spell library contained the following spells:

 Spells                   Type           Power      Damage    Failure   Level
 Magic Dart               Conj           0%         1d3       43%         1
 Blink                    Tloc           N/A        N/A       56%         2
 Call Imp                 Summ           0%         N/A       56%         2
 Slow                     Hex            0%         N/A       56%         2
 Conjure Flame            Conj/Fire      0%         6-21      80%         3
 Mephitic Cloud           Conj/Pois/Air  0%         N/A       80%         3


Dungeon Overview and Level Annotations

Branches:
Dungeon (3/15)

Altars:

Shops:
D:2 [


Innate Abilities, Weirdness & Mutations

You are immune to poison.
Your flesh is cold resistant. (rC+)
You are immune to negative energy. (rN+++)
You are immune to unholy pain and torment.
You are vulnerable to heat. (rF-)
You do not drink.


Message History

You shoot a sling bullet.
The sling bullet hits the bullfrog zombie!
The bullfrog zombie is severely damaged.
Fire: 10 sling bullets
Press: ? - help, Q - select action, (/) - cycle Shift-Dir - straight line, f/p - bullfrog zombie
Aim: a bullfrog zombie (severely damaged, 72% to hit)
You shoot a sling bullet.
You hear some strange, mumbled words.
A puff of flame appears from out of thin air!
The puff of flame hits you! The fire burns you terribly!
* * * LOW HITPOINT WARNING * * *
Fire: 9 sling bullets
Press: ? - help, Q - select action, (/) - cycle Shift-Dir - straight line, f/p - bullfrog zombie
Aim: a bullfrog zombie (severely damaged, 72% to hit)
You shoot a sling bullet.
You hear some strange, mumbled words.
You are confused.
Non-targeted confused fire: 8 sling bullets
Press: ? - help, Q - select action, (/) - cycle Dir - look around, f - activate
Okay, then.
You are too confused!
You hear some strange, mumbled words.
Something tries to affect you, but you resist.
You bump into the rock wall.
You hear some strange, mumbled words.
You are more confused.
You bump into the rock wall.
You hear some strange, mumbled words.
Something tries to affect you, but you resist.
Something hits you but does no damage.
You bump into the rock wall.
You hear some strange, mumbled words.
A puff of flame appears from out of thin air!
The puff of flame misses you.
You bump into the rock wall.
You hear some strange, mumbled words.
A puff of flame appears from out of thin air!
The puff of flame hits you! The fire burns you terribly!
Ouch! That really hurt!
You die...

.(.(# #(#(#.######
..(....@{Z.# ##.)#.####.#
#.o#.# #.# #..#.# #.# #..#.#
#(# .####.?#.# #.# #
#.........####(# .####
#....(.....Z...########.....
#.####..#..##............#


You could see a bullfrog zombie.

Vanquished Creatures
  A worm (D:2)
  2 dart slugs (D:1)
  3 orcs (D:3)
  6 bats
  3 endoplasms
  4 goblins
  5 hobgoblins
  2 quokkas (D:1)
  6 ball pythons (D:1)
  4 frilled lizards
  4 kobolds
  8 rats
48 creatures vanquished.

Notes
Turn   | Place    | Note
-------+----------+-------------------------------------------
     0 | D:1      | freelancePsychic the Mummy Hunter began the quest for the
                  | Orb.
     0 | D:1      | Reached XP level 1. HP: 16/16 MP: 1/1
   150 | D:1      | Reached XP level 2. HP: 23/23 MP: 2/2
   506 | D:1      | Reached XP level 3. HP: 28/28 MP: 3/3
  1488 | D:1      | Found a faded altar of an unknown god.
  1790 | D:2      | Found Jikhich's Antique Armour Emporium.
  2168 | D:3      | Reached skill level 4 in Slings
  2181 | D:3      | Killed from afar by an orc wizard

Illustrated notes

Levels and vault maps discovered:
D:1:      matt_arrival_spirals, layout_basic,
          hellmonk_ecumenical_altar_prayer_group, minmay_heptomino_w4
D:2:      layout_rooms, serial_shops, shop_fountains
D:3:      layout_loops_ring, nicolae_overflow_hidden_temple

Skill      XL: |  1  2  3 |
---------------+----------+-----
Fighting       | 3 |  3.2
Slings         | 4 |  4.0
Dodging        | |  1.5
Stealth        | |  0.7

Action                   || total
-------------------------++-------
 Fire: Hunting sling     ||   131
  Use: Scroll            ||     3
Armor: Leather armour    ||    10
Dodge: Dodged            ||    32

Table legend: (Time is in decaauts)
 A = Elapsed time spent in this place.
 B = Non-inter-level travel time spent in this place.
 C = Inter-level travel time spent in this place.
 D = Time resting spent in this place.
 E = Time spent auto-exploring this place.
 F = Levels seen in this place.
 G = Mean time per level.
                   A        B        C        D        E       F      G
               +--------+--------+--------+--------+--------+-----+--------+
         Total |   2181 |   1929 |    252 |      0 |   1655 |   3 |  727.0 |
       Dungeon |   2181 |   1929 |    252 |      0 |   1655 |   3 |  727.0 |
               +--------+--------+--------+--------+--------+-----+--------+

Top non-repeatable levels by time:
     D:1: 1582 daAuts
     D:2: 533 daAuts
     D:3: 65 daAuts
